 Dungeon Crawl Stone Soup version 0.21.1-1-g345015f (webtiles) character file.

1281 empire the Ducker (level 8, -1/64 HPs)
             Began as a Gnoll Gladiator on Apr 11, 2018.
             Was a Follower of Cheibriados.
             Slain by a hog (3 damage)
             ... on level 7 of the Dungeon.
             The game lasted 00:09:16 (3944 turns).

empire the Ducker (Gnoll Gladiator)                 Turns: 3944, Time: 00:09:17

Health: -1/64      AC:  9    Str: 19    XL:     8   Next: 54%
Magic:  12/12      EV: 16    Int: 13    God:    Cheibriados [*.....]
Gold:   319        SH:  6    Dex: 20    Spells: 13/13 levels left

rFire    . . .     SeeInvis .   a - +1 war axe
rCold    . . .     Gourm    .   o - +1 buckler
rNeg     . . .     Faith    .   l - +1 ring mail
rPois    .         Spirit   .   c - +1 helmet
rElec    .         Reflect  .   (no cloak)
rCorr    .         Harm     .   (no gloves)
MR       .....                  (no boots)
Stlth    +++.......             (no amulet)
HPRegen  0.20/turn              h - +1 ring of protection
MPRegen  0.13/turn              i - ring of stealth

@: very slow
A: distributed training, fangs 1, strong nose
a: Bend Time, Renounce Religion


You were on level 7 of the Dungeon.
You worshipped Cheibriados.
Cheibriados was aware of your devotion.
You were not hungry.

You visited 1 branch of the dungeon, and saw 7 of its levels.

You collected 319 gold pieces.

Inventory:

Hand Weapons
 a - a +1 war axe (weapon)
Missiles
 d - 3 throwing nets
 n - 6 tomahawks (quivered)
Armour
 c - a +1 helmet (worn)
 l - a +1 ring mail (worn)
 o - a +1 buckler (worn)
 p - a +1 hat
Jewellery
 h - a +1 ring of protection (left hand)
 i - a ring of stealth (right hand)
 v - a cursed amulet of inaccuracy {unknown}
 x - a +6 ring of dexterity {unknown}
Wands
 q - a wand of enslavement (31)
Scrolls
 g - 2 scrolls of remove curse
 j - a scroll of enchant weapon
 s - 4 scrolls of amnesia
Potions
 b - a potion of brilliance
 k - a potion of agility {unknown}
 m - 2 potions of lignification {unknown}
 r - a potion of magic {unknown}
 t - a potion of invisibility {unknown}
 w - 3 potions of might {unknown}
Books
 A - a book of Cantrips

   Spells                             Type                      Level
   a - Confusing Touch                Hexes                        1
   b - Animate Skeleton               Necromancy                   1
   c - Summon Small Mammal            Summoning                    1
   d - Apportation                    Translocation                1
Comestibles
 f - 12 rations
 C - 2 chunks of flesh


   Skills:
 + Level 5.7 Fighting
 + Level 3.3 Short Blades
 + Level 3.3 Long Blades
 + Level 7.4 Axes
 + Level 3.3 Maces & Flails
 + Level 3.3 Polearms
 + Level 3.3 Staves
 + Level 3.3 Slings
 + Level 3.3 Bows
 + Level 3.3 Crossbows
 + Level 5.7 Throwing
 + Level 3.3 Armour
 + Level 7.4 Dodging
 + Level 3.3 Stealth
 + Level 3.3 Shields
 + Level 3.3 Unarmed Combat
 + Level 3.3 Spellcasting
 + Level 2.7 Conjurations
 + Level 2.7 Hexes
 + Level 2.7 Charms
 + Level 2.7 Summonings
 + Level 2.7 Necromancy
 + Level 2.7 Translocations
 + Level 2.7 Transmutations
 + Level 2.7 Fire Magic
 + Level 2.7 Ice Magic
 + Level 2.7 Air Magic
 + Level 2.7 Earth Magic
 + Level 2.7 Poison Magic
 + Level 3.6 Invocations
 + Level 3.3 Evocations


You had 13 spell levels left.
You didn't know any spells.

Dungeon Overview and Level Annotations

Branches:
Dungeon (7/15)             Temple (0/1) D:7

Altars:
Ashenzari
Cheibriados
Nemelex Xobeh
Yredelemnul
Zin

Shops:
D:3 *

Annotations:
D:5 Sigmund
D:6 1 runed door


Innate Abilities, Weirdness & Mutations

Your experience applies equally to all skills.
You have very sharp teeth.
Your uncanny sense of smell can sniff out nearby items.


Message History

The human misses you. You block the hog's attack.
You slash the human!
You kill the human!
Cheibriados appreciates the change of pace.
You hit the hog. x2; The hog bites you! The hog barely misses you.
You barely miss the hog. You hit the hog. You hit the hog but do no damage.
The hog bites you but does no damage. The hog completely misses you.
You block the hog's attack. The hog bites you but does no damage.
The hog completely misses you.
Unknown command.
You slash the hog! You bite the hog, but do no damage.
The hog is moderately wounded.
You slash the hog! x2; The hog bites you.
* * * LOW HITPOINT WARNING * * *
The hog bites you!
* * * LOW HITPOINT WARNING * * *
The hog bites you!
* * * LOW HITPOINT WARNING * * *
The hog bites you.
You die...

##..## #########
#...##########...<...##
##.........†..#####...#
#..........### *#....
##...######## *#..#..
###....# *#..###.
#..##..# *#..#* ##
#####..####### *#..#*
*** #..'@h.%%# *..#*
*,* #..#hh..%# *..* *,*
#..###'### *,,* **,
*#..#.....# **,** **
****...#.....# **,** *
*,,....####### **,**
**#.....,,* **,** *
##...,,,** **,***
**,,,,,,,**** **,,,


You could see 3 hogs.

Vanquished Creatures
  A human (D:7)
  A hog (D:7)
  2 phantoms
  A centaur (D:7)
  A big kobold (D:5)
  A bullfrog (D:7)
  A scorpion (D:4)
  A howler monkey (D:6)
  A crimson imp (D:5)
  5 hounds
  An orc wizard (D:5)
  A bullfrog skeleton (D:6)
  4 worker ants
  A killer bee zombie (D:4)
  A hound skeleton (D:7)
  6 adders
  A shadow imp (D:6)
  An ooze (D:3)
  An adder skeleton (D:6)
  A worm (D:3)
  A dart slug (D:1)
  4 leopard geckos
  6 orcs
  5 giant cockroaches
  10 goblins
  11 hobgoblins
  2 jackals (D:2)
  18 kobolds
  2 ball pythons (D:3)
  6 bats
  5 frilled lizards
  A quokka skeleton (D:4)
  5 rats
109 creatures vanquished.

Notes
Turn   | Place    | Note
-------+----------+-------------------------------------------
     0 | D:1      | empire the Gnoll Gladiator began the quest for the Orb.
     0 | D:1      | Reached XP level 1. HP: 20/20 MP: 1/1
   121 | D:1      | Reached XP level 2. HP: 25/26 MP: 2/2
   186 | D:1      | HP: 1/26 [poisoned by a kobold]
   617 | D:1      | Reached XP level 3. HP: 31/31 MP: 3/3
  1009 | D:2      | Reached skill level 1 in Invocations
  1163 | D:2      | Reached skill level 1 in Short Blades
  1163 | D:2      | Reached skill level 1 in Long Blades
  1163 | D:2      | Reached skill level 1 in Maces & Flails
  1163 | D:2      | Reached skill level 1 in Polearms
  1163 | D:2      | Reached skill level 1 in Staves
  1163 | D:2      | Reached skill level 1 in Slings
  1163 | D:2      | Reached skill level 1 in Bows
  1163 | D:2      | Reached skill level 1 in Crossbows
  1163 | D:2      | Reached skill level 1 in Armour
  1163 | D:2      | Reached skill level 1 in Stealth
  1163 | D:2      | Reached skill level 1 in Shields
  1163 | D:2      | Reached skill level 1 in Unarmed Combat
  1163 | D:2      | Reached skill level 1 in Spellcasting
  1163 | D:2      | Reached skill level 1 in Evocations
  1184 | D:2      | Found a basalt altar of Yredelemnul.
  1240 | D:2      | Reached XP level 4. HP: 38/38 MP: 5/5
  1300 | D:2      | Found a sparkling altar of Nemelex Xobeh.
  1309 | D:2      | Found a shattered altar of Ashenzari.
  1486 | D:3      | Found Zin's Purification Station.
  1491 | D:3      | Found a glowing silver altar of Zin.
  1497 | D:3      | Reached skill level 1 in Conjurations
  1497 | D:3      | Reached skill level 1 in Hexes
  1497 | D:3      | Reached skill level 1 in Charms
  1497 | D:3      | Reached skill level 1 in Summonings
  1497 | D:3      | Reached skill level 1 in Necromancy
  1497 | D:3      | Reached skill level 1 in Translocations
  1497 | D:3      | Reached skill level 1 in Transmutations
  1497 | D:3      | Reached skill level 1 in Fire Magic
  1497 | D:3      | Reached skill level 1 in Ice Magic
  1497 | D:3      | Reached skill level 1 in Air Magic
  1497 | D:3      | Reached skill level 1 in Earth Magic
  1497 | D:3      | Reached skill level 1 in Poison Magic
  1719 | D:3      | Reached XP level 5. HP: 43/43 MP: 6/6
  2762 | D:4      | Reached XP level 6. HP: 50/50 MP: 8/8
  2973 | D:5      | Entered Level 5 of the Dungeon
  2985 | D:5      | Noticed a phantom
  2996 | D:5      | Found a snail-covered altar of Cheibriados.
  3010 | D:5      | Reached skill level 5 in Fighting
  3010 | D:5      | Reached skill level 5 in Throwing
  3019 | D:5      | Killed a phantom
  3065 | D:5      | Reached XP level 7. HP: 50/56 MP: 10/10
  3107 | D:5      | Noticed Sigmund
  3173 | D:5      | Became a worshipper of Cheibriados the Contemplative
  3433 | D:6      | Found a runed door.
  3861 | D:7      | Reached XP level 8. HP: 63/63 MP: 12/12
  3902 | D:7      | Reached * piety under Cheibriados
  3944 | D:7      | HP: 2/64 [hog (9)]
  3944 | D:7      | Slain by a hog

Skill      XL: |  1  2  3  4  5  6  7  8 |
---------------+-------------------------+-----
Invocations    | 1 2 3 |  3.6
Short Blades   | 1 2 3 |  3.3
Long Blades    | 1 2 3 |  3.3
Maces & Flails | 1 2 3 |  3.3
Polearms       | 1 2 3 |  3.3
Staves         | 1 2 3 |  3.3
Slings         | 1 2 3 |  3.3
Bows           | 1 2 3 |  3.3
Crossbows      | 1 2 3 |  3.3
Armour         | 1 2 3 |  3.3
Stealth        | 1 2 3 |  3.3
Shields        | 1 2 3 |  3.3
Unarmed Combat | 1 2 3 |  3.3
Spellcasting   | 1 2 3 |  3.3
Evocations     | 1 2 3 |  3.3
Conjurations   | 1 2 |  2.7
Hexes          | 1 2 |  2.7
Charms         | 1 2 |  2.7
Summonings     | 1 2 |  2.7
Necromancy     | 1 2 |  2.7
Translocations | 1 2 |  2.7
Transmutations | 1 2 |  2.7
Fire Magic     | 1 2 |  2.7
Ice Magic      | 1 2 |  2.7
Air Magic      | 1 2 |  2.7
Earth Magic    | 1 2 |  2.7
Poison Magic   | 1 2 |  2.7
Fighting       | 5 |  5.7
Throwing       | 5 |  5.7
Axes           | 7 |  7.4
Dodging        | 7 |  7.4

Action                   |  1- 3 |  4- 6 |  7- 9 || total
-------------------------+-------+-------+-------++-------
Melee: War axe           |    76 |   141 |   101 ||   318
       Bite              |     4 |    20 |    13 ||    37
       Punch             |     1 |       |       ||     1
Throw: Tomahawk          |       |     6 |     2 ||     8
  Use: Scroll            |       |    10 |     6 ||    16
 Stab: Sleeping          |     1 |     3 |     3 ||     7
  Eat: Chunk             |     1 |     2 |     4 ||     7
       Ration            |       |     1 |       ||     1
Armor: Leather armour    |    14 |       |       ||    14
       Ring mail         |     4 |    42 |    26 ||    72
Dodge: Dodged            |    69 |   106 |    70 ||   245
Block: Buckler           |       |     5 |    29 ||    34
